Unix NetHack Version 5.0.0-0 post-release - last build Jun 10 2026 00:39:30 (3ee93aec679c4c4259841fe613dc97188e26a321,branch:main).

Game began 2026-06-15 02:50:53, ended 2026-06-15 03:00:38.

CyberFan, chaotic female human Rogue

                                   ----
                                -.--..--
                               |.......|.
                               |.............|
                               --............--------
                                ... -.................
                                 .......--.........<--    ---
                                     --------........------..-
                                                .......|.|.@..
                                                   ...).).---
                                                    .--.---
                                                      ---

CyberFan the Cutpurse   St:14 Dx:18 Co:16 In:8 Wi:9 Ch:11  Chaotic
Dlvl:5  $:24 HP:0(32) Pw:13(13) AC:6  Xp:4/131 T:1719 

Latest messages:
 The gnome lord hits!
 The gnome wields a bow!
 You hear a chugging sound.
 The gnome lord picks up an uncursed +0 dagger named ammo.
 The gnome hits!
 #
 Where do you want to jump?
 (For instructions type a '?')
 You hit the gnome.
 The gnome hits!
 The gnome hits!
 What do you want to drink? [diks or ?*]
 You feel better.
 The gnome hits!
 An elven dagger misses you.
 A dagger misses you.
 You are hit by a dagger.
 The gnome lord picks up 2 daggers.
 What do you want to drink? [diks or ?*]
 You feel better.
 The gnome lord thrusts his dagger named ammo.
 The gnome lord hits!
 It is hit.
 It is destroyed!
 The gnome lord picks up an elven dagger.
 The gnome lord throws an elven dagger!
 You are hit by an elven dagger.
 The hobbit hits!
 You climb up the stairs.
 Your candle is getting short.
 Your candle's flame flickers low!
 Your candle is consumed!
 Its flame dies.
 You descend the stairs.
 The hobbit hits!
 You kill the gnome!
 The gnome lord picks up an elven dagger.
 You see here a partly used candle (lit).
 The gnome lord wields an elven dagger!
 A - a partly used candle (lit).
 The gnome lord thrusts his dagger.
 The gnome lord hits!
 You are hit by a crossbow bolt.
 You catch the crossbow bolt! B - a crossbow bolt.
 You are hit by a dagger.
 You hear a nearby zap.
 The wand hits it!
 You hear a nearby zap.
 The wand hits you!
 You die...

Inventory:
 Coins    ('$')
  $ - 24 gold pieces
 Weapons  (')')
  B - an uncursed +0 crossbow bolt
  h - 7 uncursed +0 daggers named ammo (at the ready)
  q - an uncursed +0 elven dagger (weapon in right hand)
  a - an uncursed +0 short sword (alternate weapon; not wielded)
 Armor    ('[')
  t - a cursed +0 pair of jumping boots (being worn)
  m - an uncursed +0 pair of low boots
  y - an uncursed +0 dwarvish cloak (being worn)
  c - an uncursed +1 leather armor (being worn)
 Comestibles  ('%')
  x - an uncursed candy bar labeled "The Small Bar"
 Scrolls  ('?')
  r - an uncursed scroll of confuse monster
  z - an uncursed scroll of magic mapping
 Potions  ('!')
  s - a cursed potion of monster detection
  k - an uncursed potion of paralysis
  d - an uncursed potion of sickness
 Wands    ('/')
  j - an uncursed wand of make invisible (0:3)
 Tools    ('(')
  f - an empty uncursed sack
  g - an uncursed blindfold
  e - an uncursed lock pick
  A - an uncursed partly used tallow candle (lit)
 Gems/Stones  ('*')
  v - an uncursed dilithium crystal
  w - a cursed worthless piece of black glass

CyberFan the Rogue's attributes:

Background:
 You were a Cutpurse, a level 4 female human Rogue.
 You were chaotic, on a mission for Kos
 who was opposed by Issek (lawful) and Mog (neutral).
 You were right-handed.
 You were in the Gnomish Mines, on level 5.
 You entered the dungeon 1719 turns ago.
 It was nighttime.
 There was a new moon in effect when your adventure ended.
 You had 131 experience points, 29 more were needed to attain level 5.

Basics:
 You had 0 out of 32 hit points.
 You had all 13 energy points (spell power).
 Your armor class was 6.
 Your wallet contained 24 zorkmids.
 Autopickup was on for '$%?!"=/*' plus thrown, with exceptions.

Final Characteristics:
 Your strength was 14 (limit:18/100).
 Your dexterity was 18 (limit:18).
 Your constitution was 16 (limit:18).
 Your intelligence was 8 (limit:18).
 Your wisdom was 9 (limit:18).
 Your charisma was 11 (limit:18).

Final Status:
 You weren't hungry.
 You were unencumbered.
 You were wielding a dagger.
 You had basic skill with dagger.

Final Attributes:
 You were devoutly aligned.
 Your items were somewhat protected from fire.
 Your items were somewhat protected from cold.
 You were stealthy.
 You could jump.
 You were warded.
 You are dead.

Miscellaneous:
 You disabled loading and storing of bones levels.
 Total elapsed playing time was 9 minutes and 44 seconds.

Major events:
 Turn
    1: CyberFan the chaotic female human Rogue entered the dungeon
  369: entered the Gnomish Mines
  889: attained the rank of Cutpurse (level 3)
 1719: killed by a wand

Spells:
 Name                 Level Category     Fail Retention
 healing                1   healing       57%  76%-100%

Skills:
 Fighting Skills
   bare handed combat [Unskilled]
   two weapon combat  [Unskilled]
   riding             [Unskilled]
 Weapon Skills
   dagger             [Basic]
   knife              [Unskilled]
   short sword        [Basic]
   broadsword         [Unskilled]
   long sword         [Unskilled]
   two-handed sword   [Unskilled]
   saber              [Unskilled]
   club               [Unskilled]
   mace               [Unskilled]
   morning star       [Unskilled]
   flail              [Unskilled]
   hammer             [Unskilled]
   polearms           [Unskilled]
   spear              [Unskilled]
   crossbow           [Unskilled]
   dart               [Unskilled]
   shuriken           [Unskilled]
 Spellcasting Skills
   divination spells  [Unskilled]
   escape spells      [Unskilled]
   matter spells      [Unskilled]

Voluntary challenges:
 Character rerolling was not enabled.
 You never genocided any monsters.
 You never polymorphed an object.
 You never changed form.
 You used no wishes.
Achievements:
 You entered the Gnomish Mines.
 You entered a shop.
 You attained the rank of Cutpurse.

 The Dungeons of Doom: levels 1 to 5
    Level 1:
    Level 2:
       A general store, a fountain.
       Stairs down to The Gnomish Mines.
    Level 3:
    Level 4:
    Level 5:
       A general store.
 The Gnomish Mines: levels 3 to 5
    Level 3:
    Level 4:
    Level 5: <- You were here.
       Final resting place for
          you, killed by a wand.


Vanquished creatures:
  a floating eye
  a dwarf
  a rabid rat
  a wererat
 an acid blob
  a hobbit
  a large kobold
  a giant rat
  a yellow mold
  8 gnomes
  2 geckos
  3 jackals
  a kobold
  a goblin
  2 sewer rats
  2 grid bugs
  4 lichens
  4 newts
36 creatures vanquished.

No species were genocided or became extinct.

Game over:
                       ----------
                      /          \
                     /    REST    \
                    /      IN      \
                   /     PEACE      \
                  /                  \
                  |     CyberFan     |
                  |      24 Au       |
                  | killed by a wand |
                  |                  |
                  |                  |
                  |                  |
                  |       2026       |
                 *|     *  *  *      | *
        _________)/\\_//(\/(/\)/\//\/|_)_______

Goodbye CyberFan the Rogue...

You died in The Gnomish Mines on dungeon level 5 with 756 points,
and 24 pieces of gold, after 1719 moves.
You were level 4 with a maximum of 32 hit points when you died.

